 Dungeon Crawl Stone Soup version 0.21.1-1-g345015f (webtiles) character file.

385 Harpaggios the Changer (level 6, 0/47 HPs)
             Began as a Draconian Transmuter on Apr 5, 2018.
             Was a Follower of Qazlal.
             Succumbed to a scorpion's poison
             ... on level 4 of the Dungeon.
             The game lasted 00:28:45 (3678 turns).

Harpaggios the Changer (Draconian Transmuter)       Turns: 3678, Time: 00:28:46

Health: 0/47       AC:  6    Str: 11 (13) XL:     6   Next: 48%
Magic:  9/9        EV: 18    Int: 15 (18) God:    Qazlal [*.....]
Gold:   279        SH:  1    Dex: 13 (16) Spells: 3/9 levels left

rFire    + . .     SeeInvis .     - Unarmed
rCold    + . .     Gourm    .   (no shield)
rNeg     . . .     Faith    .   (armour unavailable)
rPois    +         Spirit   .   (helmet restricted)
rElec    +         Reflect  .   (no cloak)
rCorr    +         Harm     .   (no gloves)
MR       .....                  (no boots)
Stlth    ++........             (no amulet)
HPRegen  0.15/turn              e - ring of resist corrosion
MPRegen  0.11/turn              l - +3 ring of intelligence

@: agile, lethally poisoned (0 -> -3), resistant
A: unfitting armour, cold-blooded, AC +6
a: Renounce Religion


You were on level 4 of the Dungeon.
You worshipped Qazlal.
Qazlal was aware of your devotion.
You were not hungry.

You visited 1 branch of the dungeon, and saw 4 of its levels.

You collected 279 gold pieces.

Inventory:

Missiles
 a - 46 arrows
 k - a throwing net (quivered)
Jewellery
 d - an uncursed ring of flight
 e - a ring of resist corrosion (left hand)
 l - a +3 ring of intelligence (right hand)
Scrolls
 f - 4 scrolls of identify
 i - a scroll of teleportation
 j - 2 scrolls of immolation
 n - 2 scrolls of remove curse {unknown}
Books
 b - a book of Changes

   Spells                             Type                      Level
   a - Beastly Appendage              Transmutation                1
   b - Sticks to Snakes               Transmutation                2
   c - Spider Form                    Transmutation/Poison         3
   d - Ice Form                       Ice/Transmutation            4
   e - Blade Hands                    Transmutation                5
 g - a book of Flames

   Spells                             Type                      Level
   a - Flame Tongue                   Conjuration/Fire             1
   b - Throw Flame                    Conjuration/Fire             2
   c - Conjure Flame                  Conjuration/Fire             3
   d - Inner Flame                    Hexes/Fire                   3
   e - Sticky Flame                   Conjuration/Fire             4
   f - Fireball                       Conjuration/Fire             5
Comestibles
 c - 5 rations


   Skills:
 * Level 1.5 Fighting
 + Level 3.4 Dodging
 + Level 4.4 Unarmed Combat
 - Level 2.0 Spellcasting
 * Level 5.0 Transmutations


You had 3 spell levels left.
You knew the following spells:

 Your Spells              Type           Power        Failure   Level  Hunger
a - Beastly Appendage     Tmut           ###...       2%          1    #......
b - Sticks to Snakes      Tmut           ###.....     4%          2    ###....
c - Spider Form           Tmut/Pois      #.........   24%         3    ###....


Dungeon Overview and Level Annotations

Branches:
Dungeon (4/15)
 Temple: D:4-7

Altars:
Kikubaaqudgha
Qazlal
Sif Muna
Vehumet


Innate Abilities, Weirdness & Mutations

Your plain brown scales are hard. (AC +6)
You cannot fit into any form of body armour.
You are cold-blooded and may be slowed by cold attacks.


Message History

* * * LOW HITPOINT WARNING * * *
You feel sick. The scorpion barely misses you.
* * * LOW HITPOINT WARNING * * *
You feel sick. The scorpion stings you.
* * * LOW HITPOINT WARNING * * *
Your surroundings suddenly seem different.
* * * LOW HITPOINT WARNING * * *
You feel sick.
Found 9 gold pieces.
* * * LOW HITPOINT WARNING * * *
You feel sick.
It was a potion of degeneration.
There was something very wrong with that liquid.
You feel weakened.
You feel dopey.
You feel clumsy.
It was a potion of resistance.
You feel protected.
* * * LOW HITPOINT WARNING * * *
You feel sick.
You die...

#<.......
#########
##################
<.....$@..........
##################


There were no monsters in sight!

Vanquished Creatures
  Sigmund (D:2)
  Ijyb (D:4)
  Natasha (twice) (D:2)
  6 adders
  3 oozes
  2 worms (D:3)
  A dart slug (D:2)
  2 leopard geckos (D:3)
  2 orcs (D:3)
  5 giant cockroaches
  3 goblins
  11 hobgoblins
  2 jackals (D:3)
  10 kobolds
  2 quokkas
  4 bats
  5 frilled lizards
  9 rats
71 creatures vanquished.

Vanquished Creatures (collateral kills)
  An adder (D:2)
1 creature vanquished.

Grand Total: 72 creatures vanquished

Notes
Turn   | Place    | Note
-------+----------+-------------------------------------------
     0 | D:1      | Harpaggios the Draconian Transmuter began the quest for the Orb.
     0 | D:1      | Reached XP level 1. HP: 16/16 MP: 3/3
   146 | D:1      | Reached XP level 2. HP: 19/23 MP: 3/5
   239 | D:1      | Learned a level 2 spell: Sticks to Snakes
   755 | D:2      | Reached XP level 3. HP: 22/28 MP: 4/6
   920 | D:2      | Reached skill level 3 in Transmutations
  1077 | D:2      | Found a stormy altar of Qazlal.
  1094 | D:2      | Became a worshipper of Qazlal Stormbringer
  1518 | D:2      | Reached XP level 4. HP: 35/35 MP: 7/7
  1560 | D:2      | Noticed Natasha
  1675 | D:2      | Killed Natasha
  2283 | D:2      | Noticed Sigmund
  2334 | D:2      | Killed Sigmund
  2334 | D:2      | Reached skill level 4 in Transmutations
  2334 | D:2      | Reached XP level 5. HP: 29/40 MP: 3/8
  2334 | D:2      | Reached XP level 6. HP: 34/47 MP: 3/9
  2444 | D:2      | Noticed Natasha
  2452 | D:2      | Killed Natasha
  2723 | D:3      | Learned a level 3 spell: Spider Form
  2932 | D:3      | Reached * piety under Qazlal
  3553 | D:4      | Noticed Ijyb
  3616 | D:4      | Killed Ijyb
  3616 | D:4      | Reached skill level 5 in Transmutations
  3645 | D:4      | Found a deep blue altar of Sif Muna.
  3657 | D:4      | Found an ancient bone altar of Kikubaaqudgha.
  3658 | D:4      | Found a radiant altar of Vehumet.
  3674 | D:4      | HP: 2/47 [poisoned by a scorpion]
  3678 | D:4      | Succumbed to a scorpion's poison

Skill      XL: |  1  2  3  4  5  6 |
---------------+-------------------+-----
Dodging        | 2 3 |  3.4
Transmutations | 3 4 5 |  5.0
Unarmed Combat | 4 |  4.4
Fighting       | |  1.5
Spellcasting   | |  2.0

Action                   |  1- 3 |  4- 6 || total
-------------------------+-------+-------++-------
Melee: Unarmed           |   107 |   199 ||   306
       Kick              |     7 |    11 ||    18
       Tailslap          |    10 |    17 ||    27
       Headbutt          |     3 |    13 ||    16
       Punch             |     1 |     2 ||     3
 Cast: Beastly Appendage |    11 |    17 ||    28
       Sticks to Snakes  |     1 |     7 ||     8
  Use: Potion            |     1 |     8 ||     9
       Scroll            |     4 |     4 ||     8
 Stab: Sleeping          |     1 |     2 ||     3
  Eat: Chunk             |     2 |     8 ||    10
Armor: Skin              |    27 |    48 ||    75
Dodge: Dodged            |    54 |    96 ||   150
Block: Other             |       |     1 ||     1
